Construct Infanterie Kompanie
Selects Mechanized Battlegroup
Selects Mechanized Battlegroup
Construct Panzergrenadier Kompanie
Panzergrenadier Officer Quarters
Selects Stoßtruppen Assault Package
Construct Panzer Kompanie
Selects Zeroing Artillery Barrage
Zeroing Artillery Barrage
Selects StuG Assault Group
Selects UNKNOWN (2160084)
Pak 40 Anti-tank Gun Team
Zeroing Artillery Barrage
Zeroing Artillery Barrage
Zeroing Artillery Barrage
Zeroing Artillery Barrage
Zeroing Artillery Barrage
Zeroing Artillery Barrage